[Event "*** SCC Grand Prix: Titled Tuesday Blitz"]
[Site "Chess.com"]
[Date "2020.06.09"]
[Round "3"]
[White "Moon_stone123"]
[Black "nonsopolo1"]
[Result "1-0"]
[WhiteElo "2457"]
[BlackElo "2256"]
[TimeControl "180+1"]
[EndTime "9:28:38 PDT"]
[Termination "Moon_stone123 won on time"]

1. e4 g6 2. d4 c6 3. Nc3 Bg7 4.
Nf3 d6 5. a4 Bg4 6. Bc4 e6 7.
Be2 Ne7 8. O-O O-O 9. h3 Bxf3 10. Bxf3 e5 11. Be3 Nd7 12. Qd2 f5 13. dxe5 Nxe5 14. Be2 fxe4 15. Nxe4 Nd5 16. Bg5 Qc7 17. c4 Nf6 18. Qxd6 Qxd6 19. Nxd6 Rad8 20. Rad1 h6 21. Be3 b6 22. a5 c5 23. a6 Rd7 24. Nb5 Rfd8 25.
Rxd7 Rxd7 26. b3 Nc6 27. Bf3 Nb4 28. Bb7 Rd3 29. Nxa7 Rxb3 30. Nc8 Ra3 31. a7 1-0

[Event "*** SCC Grand Prix: Titled Tuesday Blitz"]
[Site "Chess.com"]
[Date "2020.06.09"]
[Round "3"]
[White "RaunakSadhwani2005"]
[Black "IwkooO"]
[Result "1-0"]
[WhiteElo "2904"]
[BlackElo "2600"]
[TimeControl "180+1"]
[EndTime "9:28:39 PDT"]
[Termination "RaunakSadhwani2005 won by resignation"]

1. e4 c5 2. Nc3 e6 3. d4 cxd4 4. Qxd4 Nc6 5. Qe3 Nf6 6. Nf3 d5 7. exd5 Nxd5 8. Nxd5 Qxd5 9. Bd3 Bc5 10. Qe2 O-O 11.
O-O Qh5 12. Re1 Bd7 13. Bf4 Nb4 14. Ng5 Qxe2 15. Bxh7+ Kh8 16. Rxe2 f6 17. Ne4 Bxf2+ 18. Rxf2 Kxh7 19. Bd6 Nd5 20. Bxf8 Rxf8 21. Nc5 Bc8 22. c4 Nb4 23. a3 Nc6 24. Rd1 b6 25. Ne4 e5 26. c5 Nd4 27. b4 Bg4 28. Re1 Rc8 29. h3 Be6 30. Rc1 Bd5 31. Nd6 Rc6 32. Rc3 Nb5 33.
Nxb5 1-0

[Event "*** SCC Grand Prix: Titled Tuesday Blitz"]
[Site "Chess.com"]
[Date "2020.06.09"]
[Round "3"]
[White "totoro9"]
[Black "bascheyaro"]
[Result "0-1"]
[WhiteElo "2507"]
[BlackElo "2745"]
[TimeControl "180+1"]
[EndTime "9:28:40 PDT"]
[Termination "bascheyaro won by checkmate"]

1. e4 e6 2. d4 d5 3. Nd2 c5 4.
exd5 exd5 5. Ngf3 Nc6 6. Bb5 c4 7. O-O Bd6 8. c3 Ne7 9. h3 O-O 10. Re1 Bf5 11. Ba4 Rb8 12. Nh4 Bd3 13. Bc2 Bxc2 14.
Qxc2 Qd7 15. Nhf3 b5 16. a3 a5 17. Nf1 Rfe8 18. Ng3 b4 19. Ng5 Ng6 20. Rxe8+ Rxe8 21. Bd2 Bxg3 22. fxg3 b3 23. Qb1 Re2 24. Qd1 Qe7 25.
Nf3 Qe4 26. Qf1 Nf8 27. Re1 Rxe1 28. Qxe1 f5 29. Qxe4 fxe4 30. Nh2 Nd7 31. Ng4 Nb6 32. Ne3 Kf7 33. g4 Ke6 34. Kf2 Na4 35. Bc1 g6 36. Nf1 Na7 37. Ng3 Nb5 38. Ne2 Kd6 39.
Ke1 e3 40. Ng3 Nbxc3 41. Nf1 Na2 42. Bxe3 Nxb2 43. Nd2 Nd3+ 44. Kd1 Nc3# 0-1

[Event "*** SCC Grand Prix: Titled Tuesday Blitz"]
[Site "Chess.com"]
[Date "2020.06.09"]
[Round "3"]
[White "PotapovaM"]
[Black "seorobert1971"]
[Result "1-0"]
[WhiteElo "2456"]
[BlackElo "2689"]
[TimeControl "180+1"]
[EndTime "9:28:40 PDT"]
[Termination "PotapovaM won by resignation"]

1. d4 Nf6 2. c4 e6 3. Nf3 d5 4. g3 Be7 5. Bg2 O-O 6. O-O c6 7. Nfd2 b5 8. c5 e5 9. dxe5 Nfd7 10.
e4 d4 11. Nb3 Nxe5 12. f4 Nc4 13. e5 d3 14. Nc3 a6 15. Ne4 a5 16. Nd6 a4 17. Nd4 Bxd6 18. cxd6 Qb6 19. Qxd3 Na6 20.
Kh1 Bd7 21. Nf5 Nb4 22. Ne7+ Kh8 23. Qe2 Rae8 24. f5 Qd4 25. Bf4 Nd3 26. e6 fxe6 27. fxe6 Nxf4 28. Rxf4 Rxf4 29. exd7 Rd8 30. gxf4 Qxd6 31.
Rd1 Qc7 32. Nf5 Nb6 33. Qe8+ 1-0

[Event "*** SCC Grand Prix: Titled Tuesday Blitz"]
[Site "Chess.com"]
[Date "2020.06.09"]
[Round "3"]
[White "OhanyanEminChess"]
[Black "VishnuPrasanna"]
[Result "1-0"]
[WhiteElo "2446"]
[BlackElo "2667"]
[TimeControl "180+1"]
[EndTime "9:28:40 PDT"]
[Termination "OhanyanEminChess won by resignation"]

1. e4 c5 2. Nf3 e6 3. d4 cxd4 4. Nxd4 a6 5. Nc3 d6 6. g4 Ne7 7. g5 Nec6 8. h4 Nxd4 9. Qxd4 Nc6 10. Qd1 Be7 11. Rg1 Qc7 12. h5 b5 13. g6 fxg6 14. hxg6 h6 15. Be3 O-O 16. Qh5 Ne5 17. O-O-O Bf6 18. f4 Nc4 19. Bd4 Bxd4 20. Rxd4 Rxf4 21. Bxc4 bxc4 22. Rgd1 d5 23. exd5 Rxd4 24. Rxd4 Qg3 25.
d6 Bd7 26. Rxc4 Qe3+ 27. Kb1 Rf8 28. a4 e5 29. Qd1 Be6 30. Rc7 Qd4 31. Qxd4 exd4 32.
Ne2 h5 33. b3 h4 34. Nxd4 Bg4 35. Re7 h3 36. Re1 Rd8 37. Kb2 Kf8 38. Ne6+ Bxe6 39. Rxe6 h2 40. Re1 Rxd6 41. Rh1 Rxg6 42. Rxh2 Rf6 43. b4 g5 44. Kb3 Rf3+ 45. Kc4 g4 46.
b5 g3 47. Rg2 a5 48. b6 Ke7 49. b7 Rf4+ 50. Kb5 Rb4+ 51. Kxa5 Kd7 52. Kxb4 Kc7 53.
Rxg3 Kxb7 54. Rc3 Kb6 55. Rc4 1-0

[Event "*** SCC Grand Prix: Titled Tuesday Blitz"]
[Site "Chess.com"]
[Date "2020.06.09"]
[Round "3"]
[White "Khazieva_Elza"]
[Black "LawrenceTrent"]
[Result "0-1"]
[WhiteElo "2249"]
[BlackElo "2531"]
[TimeControl "180+1"]
[EndTime "9:28:40 PDT"]
[Termination "LawrenceTrent won on time"]

1. e4 c5 2. Nf3 Nc6 3. d3 Nf6 4. g3 d5 5. Nbd2 b6 6. Bg2 dxe4 7. dxe4 Ba6 8. c3 Ng4 9. Qa4 Qc8 10. h3 b5 11. Qc2 Nge5 12. O-O b4 13. Re1 g6 14. Nb3 Nd3 15. Rd1 c4 16. Nbd4 Nxd4 17.
Nxd4 Bg7 18. Qa4+ Kf8 19. Bf1 Bb7 20. Bg2 a5 21. Qc2 h5 22. h4 Bf6 23. Be3 Kg7 24.
cxb4 axb4 25. a3 b3 26. Qd2 Rd8 27. Rab1 Bxd4 28. Bxd4+ Rxd4 29. Qc3 e5 30. Rd2 Qc5 0-1

[Event "*** SCC Grand Prix: Titled Tuesday Blitz"]
[Site "Chess.com"]
[Date "2020.06.09"]
[Round "3"]
[White "Danfii"]
[Black "chesslh19"]
[Result "1/2-1/2"]
[WhiteElo "2380"]
[BlackElo "2112"]
[TimeControl "180+1"]
[EndTime "9:28:40 PDT"]
[Termination "Game drawn by repetition"]

1. e4 e5 2. Nf3 Nf6 3. Nxe5 d6 4. Nf3 Nxe4 5. Nc3 Nxc3 6. dxc3 Be7 7. Be3 Nc6 8. Qd2 Be6 9. O-O-O a6 10. Kb1 Qd7 11.
h4 h6 12. Be2 O-O-O 13. Nd4 Nxd4 14. Qxd4 Bf6 15. Qa7 Qc6 16. Bf3 d5 17. Rhe1 Kd7 18. c4 Qxc4 19. b3 Qc3 20. Bd4 Bxd4 21. Qxd4 Qxd4 22.
Rxd4 Kc8 23. Red1 c6 24. g3 Kc7 25. a4 a5 26. Kb2 f6 27. c3 Bf7 28. b4 axb4 29.
cxb4 Ra8 30. a5 b6 31. axb6+ Kxb6 32. Rg4 g5 33. Rgd4 Rhe8 34. hxg5 hxg5 35. Rh1 Rh8 36. Re1 Rhe8 37. Rh1 Rh8 38. Re1 Rhe8 39. Red1 Rh8 40. Re1 1/2-1/2

[Event "*** SCC Grand Prix: Titled Tuesday Blitz"]
[Site "Chess.com"]
[Date "2020.06.09"]
[Round "3"]
[White "amiralfio"]
[Black "PauloFanha"]
[Result "1-0"]
[WhiteElo "2379"]
[BlackElo "2002"]
[TimeControl "180+1"]
[EndTime "9:28:40 PDT"]
[Termination "amiralfio won by checkmate"]

1. d4 d5 2. Bf4 e6 3. e3 Bd6 4. Bg3 Nf6 5. Nd2 O-O 6. Ngf3 c6 7. Bd3 Qc7 8. Ne5 Nbd7 9. f4 b6 10. Qe2 a5 11. O-O Bb7 12. Nxd7 Qxd7 13. Bh4 Be7 14. g4 Rfc8 15. g5 Ne8 16. Nf3 g6 17. Ne5 Qc7 18. Bg3 Ng7 19. Nxf7 Kxf7 20. f5 Bd6 21.
fxg6+ Kg8 22. Rf7 Qb8 23. Bxd6 Qxd6 24. Rxb7 hxg6 25. Bxg6 Rc7 26. Rxc7 Qxc7 27. Rf1 Qe7 28. Bf7+ Kh8 29. Qg4 Nf5 30. Rxf5 exf5 31. Qh5+ Kg7 32.
Qg6+ Kf8 33. Qg8# 1-0

[Event "*** SCC Grand Prix: Titled Tuesday Blitz"]
[Site "Chess.com"]
[Date "2020.06.09"]
[Round "3"]
[White "OdChessWorld"]
[Black "pedro_gines"]
[Result "1-0"]
[WhiteElo "2787"]
[BlackElo "2457"]
[TimeControl "180+1"]
[EndTime "9:28:42 PDT"]
[Termination "OdChessWorld won on time"]

1. d4 d5 2. c4 c6 3. Nf3 Nf6 4. Nbd2 Bg4 5. e3 e6 6. Bd3 Nbd7 7. Qc2 Be7 8. O-O O-O 9. b3 a5 10. Bb2 Bh5 11. Ne5 Bg6 12. f4 Bxd3 13. Qxd3 c5 14. a4 cxd4 15. exd4 g6 16. c5 Nb8 17. Rae1 Nc6 18. h3 Nd7 19. Ndf3 Re8 20. Bc3 Bf8 21.
g4 f5 22. Nxc6 bxc6 23. Ng5 Qf6 24. gxf5 exf5 25. Rxe8 Rxe8 26. Bxa5 Qe7 27. Bd2 Nf6 28. b4 Ne4 29. Nf3 Bg7 30. Ne5 Qe6 31. b5 Bxe5 32.
fxe5 1-0

[Event "*** SCC Grand Prix: Titled Tuesday Blitz"]
[Site "Chess.com"]
[Date "2020.06.09"]
[Round "3"]
[White "Ginger_GM"]
[Black "Kislov_Oleg"]
[Result "0-1"]
[WhiteElo "2571"]
[BlackElo "2404"]
[TimeControl "180+1"]
[EndTime "9:28:43 PDT"]
[Termination "Kislov_Oleg won by resignation"]

1. e4 e6 2. Nf3 d5 3. e5 c5 4.
b4 cxb4 5. d4 Nc6 6. a3 Bd7 7.
axb4 Bxb4+ 8. c3 Be7 9. Bd3 Nh6 10. h4 Nf5 11. Na3 a6 12. Nc2 h5 13. c4 Nb4 14.
Nxb4 Bxb4+ 15. Bd2 Bxd2+ 16. Qxd2 dxc4 17. Bxf5 exf5 18. d5 Rc8 19. O-O c3 20. Qd4 Bb5 21. e6 O-O 22.
Rfe1 fxe6 23. Rxe6 c2 24. Rc1 Rf6 25. Qe5 Qc7 26.
Qe3 Qc3 27. Qg5 Rxe6 28. dxe6 Qf6 29. Qe3 f4 30. Qe1 Bd3 31. Ng5 Bg6 32. Qd2 Rd8 33. Qe2 Qb2 34. Qe1 Qxc1 0-1

[Event "*** SCC Grand Prix: Titled Tuesday Blitz"]
[Site "Chess.com"]
[Date "2020.06.09"]
[Round "3"]
[White "Kostya26"]
[Black "PauloCesarCosta_sad"]
[Result "1-0"]
[WhiteElo "2434"]
[BlackElo "2218"]
[TimeControl "180+1"]
[EndTime "9:28:43 PDT"]
[Termination "Kostya26 won on time"]

1. e4 e6 2. b3 c5 3. Nf3 Nc6 4. Bb2 d6 5. d4 cxd4 6. Nxd4 Nf6 7. Nd2 Be7 8. Bd3 Nxd4 9. Bxd4 O-O 10. O-O Bd7 11. c4 Bc6 12. Qe2 Qc7 13. Rac1 Rad8 14. f4 b6 15. Bb2 Qb7 16. Rf3 d5 17. exd5 exd5 18. Rh3 Rfe8 19. Bxh7+ Nxh7 20. Qh5 Bc5+ 21. Kh1 Kf8 22. Qxh7 Ke7 23. Qxg7 Rg8 24. Bf6+ Kd7 25. Qxf7+ Kc8 26. Qxb7+ Kxb7 27. Bxd8 Rxd8 28. Rd3 Rf8 29. cxd5 1-0

[Event "*** SCC Grand Prix: Titled Tuesday Blitz"]
[Site "Chess.com"]
[Date "2020.06.09"]
[Round "3"]
[White "Bykov_Egor"]
[Black "amatatanav"]
[Result "0-1"]
[WhiteElo "2600"]
[BlackElo "2428"]
[TimeControl "180+1"]
[EndTime "9:28:44 PDT"]
[Termination "amatatanav won by resignation"]

1. d4 Nf6 2. c4 e6 3. Nc3 d5 4.
Nf3 Be7 5. Bf4 O-O 6. e3 Nbd7 7. c5 Nh5 8. Bd3 Nxf4 9. exf4 b6 10. b4 a5 11. a3 c6 12. O-O Ba6 13. Qe2 Bxd3 14. Qxd3 Qc7 15. Rfc1 Qxf4 16. cxb6 Nxb6 17. Ne5 axb4 18.
Ne2 Qf6 19. Rxc6 Rfb8 20. Rxb6 Rxb6 21. Nd7 Qg6 22. Qxg6 hxg6 23. Nxb6 Ra6 24. Nd7 bxa3 25. Kf1 a2 26. Ke1 Ba3 27. Nc5 Bb2 28. Nb3 Bxa1 29.
Nxa1 Rb6 30. Nc2 Rb1+ 31. Kd2 Rb2 0-1

[Event "*** SCC Grand Prix: Titled Tuesday Blitz"]
[Site "Chess.com"]
[Date "2020.06.09"]
[Round "3"]
[White "Reader777"]
[Black "Nathan_Filgueiras"]
[Result "1-0"]
[WhiteElo "2612"]
[BlackElo "2407"]
[TimeControl "180+1"]
[EndTime "9:28:44 PDT"]
[Termination "Reader777 won by resignation"]

1. d4 Nf6 2. c4 e6 3. g3 d5 4. Bg2 dxc4 5. Nf3 a6 6. O-O b5 7. a4 Bb7 8. b3 cxb3 9. Qxb3 b4 10. Nbd2 Nbd7 11. Nc4 Be7 12. a5 Rb8 13. Bd2 O-O 14.
Rfc1 c5 15. Bf4 Ra8 16. dxc5 Nxc5 17. Qxb4 Nd5 18. Qb2 Nxf4 19. gxf4 Rb8 20. Rd1 Qc7 21. Qe5 Qxe5 22. Nfxe5 Bxg2 23. Kxg2 Bf6 24. Rab1 Rfc8 25. Rxb8 Rxb8 26. Nd7 Nxd7 27. Rxd7 Bd8 28. Rd6 Ra8 29.
e3 Kf8 30. Rd7 Ke8 31. Rb7 Be7 32.
Nb6 Rd8 33. Ra7 Bc5 34. Rxa6 Bxb6 35. Rxb6 Ra8 36. a6 Ke7 37. Rb7+ Kf6 38. a7 g6 39.
Kf3 h5 40. Ke4 h4 41. h3 g5 42. fxg5+ Kg6 43. f4 f5+ 44. Ke5 Re8 45. Rb8 Re7 46. a8=Q 1-0

[Event "*** SCC Grand Prix: Titled Tuesday Blitz"]
[Site "Chess.com"]
[Date "2020.06.09"]
[Round "3"]
[White "aleksandrovaleksei"]
[Black "Vesper2018"]
[Result "1-0"]
[WhiteElo "2597"]
[BlackElo "2397"]
[TimeControl "180+1"]
[EndTime "9:28:44 PDT"]
[Termination "aleksandrovaleksei won on time"]

1. d4 Nf6 2. c4 g6 3. Nc3 Bg7 4. e4 d6 5. h3 O-O 6. Be3 e5 7.
d5 Na6 8. Nf3 Nh5 9. a3 f5 10.
Qc2 Nc5 11. b4 Nxe4 12. Nxe4 fxe4 13. Ng5 c6 14. O-O-O a5 15. b5 cxb5 16. cxb5 Bd7 17. Kb2 a4 18. Qxe4 Nf4 19. h4 Qa5 20. Qb4 Qxb4+ 21.
axb4 a3+ 22. Kb3 e4 23. g3 Nd3 24. Nxe4 Nb2 25. Rc1 a2 26. Be2 Ra4 27. Rc7 Rfa8 28. Rxd7 a1=Q 29. Rxa1 Rxa1 30. Rxg7+ Kxg7 31. Bd4+ Kg8 32. Bxb2 Re1 33. Nf6+ Kf7 34. Bg4 Rb1 35. Nxh7 Re8 36.
Ng5+ Kg8 37. Kc2 1-0

[Event "*** SCC Grand Prix: Titled Tuesday Blitz"]
[Site "Chess.com"]
[Date "2020.06.09"]
[Round "3"]
[White "pawnwonder"]
[Black "JulAnt"]
[Result "0-1"]
[WhiteElo "2184"]
[BlackElo "2378"]
[TimeControl "180+1"]
[EndTime "9:28:47 PDT"]
[Termination "JulAnt won by checkmate"]

1. Nf3 g6 2. g3 Bg7 3. Bg2 e6 4. e4 Ne7 5. d4 O-O 6. O-O d6 7. Re1 b6 8. Bg5 Bb7 9. Qd2 c5 10. c3 Nd7 11. Bh6 Rc8 12. Qf4 e5 13. dxe5 dxe5 14.
Qh4 Nc6 15. Bg5 f6 16. Bh6 Na5 17.
Bh3 Qe7 18. Na3 Rcd8 19. Rad1 Nb8 20. Bxg7 Kxg7 21. Qg4 Rxd1 22. Rxd1 Rd8 23. Rxd8 Qxd8 24. Nh4 Qd3 25. Qe6 Qxe4 26. Qe7+ Kh6 27. Bg2 Qe1+ 28. Bf1 Ba6 29. Qf8+ Kh5 30. Qh8 Qxf1# 0-1

[Event "*** SCC Grand Prix: Titled Tuesday Blitz"]
[Site "Chess.com"]
[Date "2020.06.09"]
[Round "3"]
[White "letsgoband"]
[Black "Munkhzul_Turmunkh"]
[Result "1/2-1/2"]
[WhiteElo "2412"]
[BlackElo "2597"]
[TimeControl "180+1"]
[EndTime "9:28:48 PDT"]
[Termination "Game drawn - insufficient material"]

1. e4 c5 2. Nf3 d6 3. d4 cxd4 4. Nxd4 Nf6 5. Nc3 a6 6. Bg5 e6 7. f4 Qb6 8. a3 Be7 9. e5 dxe5 10. fxe5 Nd5 11. Nxd5 Qa5+ 12. b4 Qxd5 13. Bxe7 Kxe7 14. Nf3 Rd8 15. Qxd5 Rxd5 16. c4 Rd8 17. Be2 Nc6 18.
Kf2 Bd7 19. Ke3 f6 20. exf6+ gxf6 21. Rhd1 e5 22. c5 Be6 23. Rxd8 Rxd8 24. Rd1 Rxd1 25. Bxd1 f5 26. Bc2 Kf6 27. g3 e4 28. Nd4 Bd7 29.
Nxc6 Bxc6 30. Kf4 Bd5 31. Bd1 Ke6 32. Bh5 Bc6 33. Bd1 Kd5 34. Kxf5 Kd4 35. Kf4 Kd3 36. g4 e3 37. g5 e2 38. Bxe2+ Kxe2 39. h4 Be8 40. Ke5 Kd3 41. Kd6 Ke4 42. Kc7 Bc6 43. h5 Kf5 44. g6 hxg6 45. hxg6 Kxg6 46. a4 Kf6 47. b5 axb5 48. axb5 Bxb5 49. Kxb7 Ke6 50.
c6 Bxc6+ 1/2-1/2

[Event "*** SCC Grand Prix: Titled Tuesday Blitz"]
[Site "Chess.com"]
[Date "2020.06.09"]
[Round "3"]
[White "MikeSailer"]
[Black "AndrewDGreen"]
[Result "0-1"]
[WhiteElo "2062"]
[BlackElo "2336"]
[TimeControl "180+1"]
[EndTime "9:28:50 PDT"]
[Termination "AndrewDGreen won on time"]

1. d4 Nf6 2. Bf4 c5 3. e3 Qb6 4. Nc3 d6 5. Bb5+ Bd7 6. a4 cxd4 7. exd4 Qa5 8. Ne2 g6 9. O-O Bg7 10. h3 O-O 11. Qd3 Bf5 12. Qd2 Nc6 13. d5 Ne5 14.
Nd4 Bd7 15. Bxe5 dxe5 16. Nf3 Bxb5 17. axb5 Qc7 18. Rfe1 Nh5 19. Ra4 Rfd8 20. Rea1 Qc5 21. b4 Qb6 22. Qd3 e6 23. Rd1 Nf4 24. Qe4 exd5 25.
Qe1 d4 26. Ne4 Qxb5 27. Ra3 h6 28. Nc5 b6 29. Na6 Rac8 30. Nxe5 Qxe5 0-1

[Event "*** SCC Grand Prix: Titled Tuesday Blitz"]
[Site "Chess.com"]
[Date "2020.06.09"]
[Round "3"]
[White "abhidabhi"]
[Black "Love_craft"]
[Result "1-0"]
[WhiteElo "2723"]
[BlackElo "2442"]
[TimeControl "180+1"]
[EndTime "9:28:52 PDT"]
[Termination "abhidabhi won by checkmate"]

1. Nf3 Nf6 2. g3 g6 3. Bg2 Bg7 4. O-O O-O 5. d4 d5 6. c4 c6 7. b3 Ne4 8. Bb2 Nd7 9. Nbd2 Ndf6 10. Ne5 Nxd2 11. Qxd2 Ne4 12. Qd1 f6 13. Nd3 b6 14.
Rc1 Be6 15. Qc2 Rc8 16. Rfe1 Bf7 17. c5 b5 18. f3 Ng5 19. e4 Ne6 20. Qf2 Nc7 21.
Rcd1 Qd7 22. h4 a5 23. Kh2 b4 24. Nf4 e6 25. Bh3 f5 26. e5 Nb5 27. Bc1 Qe7 28. Ne2 h6 29. Kg2 g5 30. hxg5 hxg5 31.
Rh1 Bg6 32. Qe3 g4 33. fxg4 fxg4 34. Bxg4 Be4+ 35. Kh2 Bxh1 36. Rxh1 Qf7 37. Nf4 Rce8 38. Kg2 Nc3 39. Bh5 Qf5 40. Bg6 Qg4 41. Bh7+ Kf7 42.
Ng6 Qe2+ 43. Qxe2 Nxe2 44. Rf1+ Bf6 45. Bh6 Rh8 46. Rxf6# 1-0

[Event "*** SCC Grand Prix: Titled Tuesday Blitz"]
[Site "Chess.com"]
[Date "2020.06.09"]
[Round "3"]
[White "dosto07"]
[Black "Alopekos"]
[Result "0-1"]
[WhiteElo "2113"]
[BlackElo "2486"]
[TimeControl "180+1"]
[EndTime "9:28:52 PDT"]
[Termination "Alopekos won by resignation"]

1. e4 c5 2. Nf3 e6 3. c3 Nf6 4. e5 Nd5 5. Bc4 d6 6. d4 cxd4 7. cxd4 Nc6 8. O-O Be7 9. Qe2 O-O 10. Rd1 Qc7 11. Bxd5 exd5 12. Nc3 Be6 13. Bf4 dxe5 14.
dxe5 Rfd8 15. Rac1 Qa5 16. Qb5 Qxb5 17. Nxb5 a6 18.
Nbd4 Rac8 19. h3 h6 20. a3 Na5 21. Nxe6 fxe6 22. Nd4 Kf7 23. Bd2 Nc4 24. Bc3 Nxe5 25. Nxe6 Kxe6 26. f4 Nc4 27. Re1+ Kf7 28. Bd4 Bf6 29.
Bxf6 Kxf6 30. Rcd1 Nxb2 31. Rd2 Nc4 32. Rde2 Rc6 33. Re7 d4 34. g4 d3 35. Rd1 d2 0-1

[Event "*** SCC Grand Prix: Titled Tuesday Blitz"]
[Site "Chess.com"]
[Date "2020.06.09"]
[Round "3"]
[White "KamlaPasand"]
[Black "jonaszmb"]
[Result "1-0"]
[WhiteElo "2213"]
[BlackElo "2416"]
[TimeControl "180+1"]
[EndTime "9:28:52 PDT"]
[Termination "KamlaPasand won on time"]

1. e4 c5 2. Nf3 Nc6 3. d4 cxd4 4. Nxd4 e5 5. Nxc6 bxc6 6. Bd3 Ba6 7. O-O Bxd3 8. Qxd3 Nf6 9. Nc3 Be7 10. Bg5 O-O 11. Kh1 Rb8 12. b3 Qc7 13. Rae1 h6 14.
Bh4 d6 15. Bg3 Nh5 16. Qe2 Nxg3+ 17. fxg3 Qa5 18. Nd1 Bg5 19. Ne3 Bxe3 20. Qxe3 Qxa2 21. Rf2 Qb2 22. Rd1 Rfd8 23. Qxa7 f6 24. Qe7 d5 25. Qe6+ Kh7 26. Qxc6 dxe4 27. Qxe4+ Kh8 28.
Rdf1 Qd4 29. Qf5 Rbc8 30. h3 Qe3 31. Kh2 Rc3 32. Rf3 Qc5 33. Rxc3 Qxc3 34. Rf3 Qe1 35. Rf1 Qe3 36. Rf3 Qe1 37. Rd3 Rg8 38. Qg6 Qc1 39.
Rf3 Ra8 40. Rd3 1-0

[Event "*** SCC Grand Prix: Titled Tuesday Blitz"]
[Site "Chess.com"]
[Date "2020.06.09"]
[Round "3"]
[White "DonPreuss"]
[Black "GMCarbone"]
[Result "1-0"]
[WhiteElo "2215"]
[BlackElo "2368"]
[TimeControl "180+1"]
[EndTime "9:28:52 PDT"]
[Termination "DonPreuss won by resignation"]

1. d4 Nf6 2. Nc3 d5 3. e4 dxe4 4. f3 exf3 5. Nxf3 Bg4 6. h3 Bh5 7. g4 Bg6 8. Ne5 e6 9. Qf3 c6 10. g5 Nd5 11. Bd3 Nd7 12. Bxg6 Nxe5 13. dxe5 hxg6 14.
Rf1 Qc7 15. Bf4 Bb4 16. O-O-O O-O-O 17. Ne4 Kb8 18. Nd6 Rhf8 19. c4 Ne7 20. a3 Bc5 21. b4 Bb6 22. c5 Nd5 23. cxb6 Qxb6 24. Qd3 Rd7 25. Bd2 Qd8 26. Qc4 Ka8 27. Rf3 f6 28.
gxf6 gxf6 29. Ne4 fxe5 30. Rxf8 Qxf8 31. Nc5 Re7 32. b5 Qf3 33. Bb4 Rc7 34. Rf1 Qe3+ 35.
Kb2 cxb5 36. Rf8+ 1-0

[Event "*** SCC Grand Prix: Titled Tuesday Blitz"]
[Site "Chess.com"]
[Date "2020.06.09"]
[Round "3"]
[White "attack2mateU"]
[Black "wonderfultime"]
[Result "0-1"]
[WhiteElo "2714"]
[BlackElo "2990"]
[TimeControl "180+1"]
[EndTime "9:28:53 PDT"]
[Termination "wonderfultime won on time"]

1. e4 c5 2. Nf3 Nf6 3. e5 Nd5 4. Nc3 e6 5. Nxd5 exd5 6. g3 Nc6 7. Bg2 d6 8. exd6 Bxd6 9. O-O O-O 10. d4 Bg4 11. dxc5 Bxc5 12. h3 Bh5 13. c3 Re8 14.
Bf4 Bg6 15. b4 Bb6 16. a4 a6 17. Ra2 Qf6 18. Qd2 h6 19. a5 Ba7 20. Be3 Bxe3 21. fxe3 Be4 22. Nd4 Qg5 23. Nxc6 bxc6 24. Qf2 Ra7 25. Qf4 Qg6 26. Raf2 Bd3 27. Re1 Rae7 28.
g4 Be4 29. Bf1 Bd3 30. Bg2 Bc4 31. Qd4 Bb5 32. Rf4 Qg5 33. Kh2 h5 34. Kg3 Re6 35.
h4 Qg6 36. g5 f6 37. Bh3 fxg5 38. Bxe6+ Rxe6 39. hxg5 Qxg5+ 40. Kf2 Rg6 0-1

[Event "*** SCC Grand Prix: Titled Tuesday Blitz"]
[Site "Chess.com"]
[Date "2020.06.09"]
[Round "3"]
[White "eightbyeightchess"]
[Black "julinha97"]
[Result "1-0"]
[WhiteElo "2390"]
[BlackElo "2144"]
[TimeControl "180+1"]
[EndTime "9:28:53 PDT"]
[Termination "eightbyeightchess won by checkmate"]

1. e4 c5 2. Nf3 d6 3. d4 cxd4 4. Qxd4 Nc6 5. Bb5 Bd7 6. Bxc6 Bxc6 7. Nc3 Nf6 8. Bg5 e6 9. O-O-O Be7 10. Qd3 h6 11.
Bd2 O-O 12. Nd4 a6 13. f3 Qc7 14.
g4 Nd7 15. g5 hxg5 16. Rhg1 Ne5 17. Qe2 b5 18. Bxg5 Bxg5+ 19. Rxg5 b4 20. Rdg1 Ng6 21. Nd1 Bb5 22. Qg2 Rac8 23. h4 Qc4 24. h5 Qxd4 25.
hxg6 fxg6 26. e5 Qf4+ 27. Kb1 Qxf3 28. Qd2 dxe5 29. Rxg6 Rc7 30. Qd6 Qc6 31. Qd2 Rfc8 32. Ne3 e4 33. Nf5 exf5 34. Rxc6 Rxc6 35. Qd5+ Kf8 36. Qxf5+ Ke7 37. Rxg7+ Kd6 38. Rd7# 1-0

[Event "*** SCC Grand Prix: Titled Tuesday Blitz"]
[Site "Chess.com"]
[Date "2020.06.09"]
[Round "3"]
[White "colegiodemadrid"]
[Black "isainz"]
[Result "1-0"]
[WhiteElo "2373"]
[BlackElo "2162"]
[TimeControl "180+1"]
[EndTime "9:28:53 PDT"]
[Termination "colegiodemadrid won on time"]

1. e4 c5 2. Nf3 Nc6 3. d4 cxd4 4.
Nxd4 e5 5. Nb5 d6 6. c4 Be7 7. Bd3 Be6 8. O-O a6 9. N5c3 Bg5 10. Nd5 Bxc1 11. Qxc1 Bxd5 12. cxd5 Nd4 13. Nc3 Rc8 14.
Qd1 Nf6 15. Ne2 Nxe2+ 16. Qxe2 O-O 17. Rac1 Qb6 18. g4 Nd7 19. h4 Nc5 20. Bb1 Na4 21.
Rxc8 Rxc8 22. b3 Nc3 23. Qc2 Qd8 24. g5 Qd7 25. f3 Qh3 26. Qh2 Qxh2+ 27. Kxh2 b5 28.
Rc1 b4 29. Bd3 a5 30. Kg2 f6 31.
Rc2 Rc5 32. Kg3 Kf7 33. Kg4 g6 34. h5 gxh5+ 35. Kxh5 fxg5 36. Kxg5 Kg7 37. Kf5 Kf7 38. Rh2 Kg7 39. Ke6 Nxa2 40. Kxd6 Rc3 41. Bc4 Nc1 42. Kxe5 Nxb3 43. Bxb3 1-0

[Event "*** SCC Grand Prix: Titled Tuesday Blitz"]
[Site "Chess.com"]
[Date "2020.06.09"]
[Round "3"]
[White "ClassyEl"]
[Black "Nastya_Rakhmangulova"]
[Result "1-0"]
[WhiteElo "2522"]
[BlackElo "2270"]
[TimeControl "180+1"]
[EndTime "9:28:54 PDT"]
[Termination "ClassyEl won by resignation"]

1. d4 d5 2. Nf3 Nf6 3. Bf4 e6 4.
e3 c5 5. c3 Nc6 6. Nbd2 Bd6 7.
Bg3 O-O 8. Bd3 b6 9. Ne5 Bb7 10. f4 Ne7 11. Bf2 cxd4 12. exd4 Ne4 13. O-O f6 14. Bxe4 dxe4 15. Nec4 Bxf4 16. Qg4 e5 17. Qe6+ Kh8 18. dxe5 Bxd2 19. Nxd2 Ba6 20. Rfe1 Qxd2 21. Qxe7 Rfe8 22. Qa3 Bd3 23. Be3 Qc2 24. Rac1 Rxe5 25.
Rxc2 Bxc2 26. Qd6 Rae8 27. h3 Bd3 28. a4 Bc4 29. Rd1 Bd3 30. b4 Rf5 31. Qc7 a5 32. b5 Bc2 33. Rd7 Rg8 34. Rd8 Bxa4 35. Rxg8+ 1-0

[Event "*** SCC Grand Prix: Titled Tuesday Blitz"]
[Site "Chess.com"]
[Date "2020.06.09"]
[Round "3"]
[White "IMHansNiemann"]
[Black "chargemax23"]
[Result "0-1"]
[WhiteElo "2924"]
[BlackElo "2691"]
[TimeControl "180+1"]
[EndTime "9:28:55 PDT"]
[Termination "chargemax23 won by resignation"]

1. d4 g6 2. e4 Bg7 3. Nc3 d6 4. Be3 a6 5. Qd2 b5 6. f3 Nd7 7. h4 h5 8. Nh3 Bb7 9. Ng5 e5 10. a4 b4 11. Ne2 a5 12. Nc1 exd4 13. Bxd4 Bxd4 14. Qxd4 Qf6 15. Nb3 c5 16. Qd2 Bc6 17.
O-O-O Bxa4 18. Qxd6 Qxd6 19. Rxd6 Ke7 20. Rd1 Ngf6 21.
Nd2 Ne5 22. Nc4 Nfd7 23. Ne3 Rhc8 24. f4 Ng4 25. Nxg4 hxg4 26. Bc4 f6 27. Nf7 Nb6 28. Ba2 c4 29. Nd6 Rc6 30. e5 fxe5 31.
fxe5 b3 32. Bb1 Nd7 33. Rhe1 c3 34. bxc3 bxc2 35. Bxc2 Rxc3 36. Rd2 Rb8 37. Kd1 Rb1+ 38. Ke2 Bxc2 39. Rxb1 Bxb1 40. Rd4 Bc2 41. Kd2 Rc5 42. Rxg4 Nxe5 43. Rd4 a4 44. Nb7 Rc7 45. Na5 a3 46.
Rb4 a2 0-1